 Dungeon Crawl Stone Soup version 0.31-a0-963-ga325b2283a (webtiles) character file.

Game seed: 15124718504469213100

6266 night the Grappler (level 10, -11/79 HPs)
             Began as a Merfolk Shapeshifter on Oct 25, 2023.
             Was an Initiate of Yredelemnul.
             Mangled by senseless's ghost (22 damage)
             ... on level 9 of the Dungeon.
             The game lasted 00:27:49 (8638 turns).

night the Grappler (Merfolk Shapeshifter)           Turns: 8638, Time: 00:27:49

Health: -11/79     AC: 19    Str: 17    XL:     10   Next: 93%
Magic:  11/11      EV: 17    Int: 10    God:    Yredelemnul [......]
Gold:   351        SH:  0    Dex: 27    Spells: 9/9 levels left

rFire   + .          .
                       - Unarmed
rCold   + . .        A - melded +0 kite shield
rNeg    . . .        z - +7 scale mail of Egalitarianism {-Tele Dex+6 Slay+4}
rPois   +            F - +0 helmet {SInv}
rElec   +            (no cloak)
rCorr   +            f - +2 pair of gloves
SInv    +            t - +0 pair of boots
Will    .....        (no amulet)
Stlth   +            G - +6 ring of dexterity
HPRegen 0.33/turn    (no ring)
MPRegen 0.12/turn

%: no teleportation
@: flux-form, resistant, hasted, glowing, very quick
A: glow, contaminating, (nimble swimmer 2), mertail
a: Begin Untransformation, Renounce Religion, Recall Undead Harvest


You were on level 9 of the Dungeon.
You worshipped Yredelemnul.
Yredelemnul was noncommittal.
You were something dangerously unstable.
You visited 1 branch of the dungeon, and saw 9 of its levels.

You collected 507 gold pieces.
You spent 156 gold pieces at shops.

Inventory:

Missiles
 a - 3 poisoned darts
 e - 82 stones
 m - 6 datura-tipped darts
 q - a curare-tipped dart
 r - 5 boomerangs
Armour
 f - a +2 pair of gloves (worn)
 t - a +0 pair of boots (worn)
 z - the +7 scale mail of Egalitarianism (worn) {-Tele Dex+6 Slay+4}
   (You found it on level 5 of the Dungeon)

   Dex+6:     It affects your dexterity (+6).
   Slay+4:    It affects your accuracy & damage with ranged weapons and melee
   (+4).
   -Tele:     It prevents most forms of teleportation.
 A - a +0 kite shield (melded)
 F - a +0 helmet of see invisible (worn)
Jewellery
 G - a +6 ring of dexterity (left hand)
Talismans
 c - a beast talisman
 d - a flux talisman (active)
 s - a maw talisman
Wands
 b - a wand of iceblast (4)
 y - a wand of flame (56)
Scrolls
 h - 2 scrolls of enchant armour
 j - a scroll of enchant weapon
 k - a scroll of fear
 l - 2 scrolls of brand weapon
 o - a scroll of poison
 p - a scroll of immolation
 v - a scroll of blinking
 x - a scroll of teleportation
 E - a scroll of vulnerability {unknown}
 H - a scroll of amnesia {unknown}
Potions
 g - a potion of might {unknown}
 n - 2 potions of haste
 u - a potion of curing
 w - 3 potions of brilliance
 B - 2 potions of lignification
 D - 4 potions of cancellation
 I - a potion of magic


   Skills:
 + Level 7.5 Fighting
 - Level 3.0 Armour
 + Level 9.3 Dodging
 - Level 3.9 Shields
 * Level 11.0 Unarmed Combat
 + Level 1.4 Invocations
 + Level 8.5 Shapeshifting


You had 9 spell levels left.
You didn't know any spells.
Your spell library contained the following spells:

 Spells                   Type           Power      Damage    Failure   Level
 Apportation              Tloc           0%         N/A       77%         1
 Necrotise                Necr           0%         1d4       77%         1
 Slow                     Hex            0%         N/A       77%         1
 Summon Small Mammal      Summ           0%         N/A       77%         1
 Blink                    Tloc           0%         N/A       88%         2
 Ensorcelled Hibernation  Hex/Ice        0%         N/A       88%         2
 Jinxbite                 Hex            0%         N/A       88%         2
 Lesser Beckoning         Tloc           0%         N/A       88%         2
 Momentum Strike          Conj/Tloc      0%         3d8       88%         2
 Confusing Touch          Hex            0%         N/A       98%         3
 Gell's Gravitas          Tloc           0%         N/A       98%         3
 Ozocubu's Armour         Ice            0%         N/A       98%         3
 Sigil of Binding         Hex            0%         N/A       98%         3
 Teleport Other           Tloc           0%         N/A       98%         3
 Vampiric Draining        Necr           0%         2d6       98%         3
 Anguish                  Hex/Necr       0%         N/A       100%        4
 Animate Armour           Summ/Erth      0%         N/A       100%        4
 Summon Lightning Spire   Summ/Air       0%         N/A       100%        4
 Lee's Rapid Deconstruct  Erth           0%         3d4*      100%        5
 Metabolic Englaciation   Hex/Ice        0%         N/A       100%        5
 Simulacrum               Ice/Necr       Unusable   N/A       N/A         6

Dungeon Overview and Level Annotations

Branches:
Dungeon (9/15)             Temple (0/1) D:7
   Lair: D:8-11         Orc: D:9-12

Altars:
Fedhas
Okawaru
Yredelemnul

Shops:
D:5 !   D:8 [

Annotations:
D:3 exclusion: oklob plant
D:9 senseless's ghost, journeyman TrSh


Innate Abilities, Weirdness & Mutations

You are something dangerously unstable.
You glow with magical radiation, making you easy to see and hit.
Foes you strike become dangerously contaminated with magical radiation.
You are incapable of wielding weapons or throwing items.
((You are very nimble when in or above water. (Stealth+, EV+, Speed+++)))
Your lower body shifts to a powerful aquatic tail in water.


Message History

Senseless's ghost hits you but does no damage.
You bump into the rock wall.
You closely miss senseless's ghost.
Senseless's ghost is heavily damaged.
Senseless's ghost wails, "What do you have that I didn't have?"
Senseless's ghost closely misses you.
You bump into the rock wall.
Senseless's ghost closely misses you.
You bump into the rock wall.
You closely miss senseless's ghost.
Senseless's ghost is heavily damaged.
Senseless's ghost barely misses you.
You hit senseless's ghost but do no damage.
Senseless's ghost begins to glow.
Senseless's ghost is heavily damaged.
You closely miss senseless's ghost.
Senseless's ghost is heavily damaged.
Senseless's ghost hits you!!
You bump into the rock wall.
You bump into the rock wall.
Senseless's ghost hits you!
* * * LOW HITPOINT WARNING * * *
You barely miss senseless's ghost.
Senseless's ghost is heavily damaged.
Senseless's ghost hits you.
* * * LOW HITPOINT WARNING * * *
It was a potion of heal wounds.
You feel much better.
You feel less invigorated.
You feel less confused.
You barely miss senseless's ghost.
Senseless's ghost is heavily damaged.
Senseless's ghost hits you!!
* * * LOW HITPOINT WARNING * * *
You hit senseless's ghost but do no damage.
Senseless's ghost glows dangerously bright.
Senseless's ghost is heavily damaged.
You hit senseless's ghost but do no damage.
Senseless's ghost shudders as magic cascades through it!!
Senseless's ghost is severely damaged.
Senseless's ghost hits you!!
You die...
Your body rises from the dead as a mindless zombie.

...###..### ##...Z..#
.ZZZ##Z## Z#####Z.#
..##....# ...###.##
....#### ...Z## ###
#########
.....###.#######.pWZ...###
....ZZ#.......[..###.....#
..........######## #.....#
#.)..#....# ###°''###
..#.###..## #.......#
..###...## ##.....##
#.###..## .......#
...##.## ##.$:[.##
...##..# ..#.#..


You could see a spectral centaur warrior and senseless's ghost.

Vanquished Creatures
  Psyche (D:8)
  Grinder (D:5)
  A hornet (D:9)
  A wyvern (D:9)
  10 yaks
  A water moccasin (D:5)
  An ice beast (D:6)
  2 orc warriors
  2 sky beasts (D:7)
  2 ogres
  2 black bears
  2 centaurs
  A phantom (D:7)
  A kobold brigand (D:8)
  2 bullfrogs
  A gnoll sergeant (D:5)
  3 jellies
  3 scorpions (D:7)
  A killer bee (D:8)
  5 howler monkeys
  A hound (D:7)
  2 gnoll boudas (D:5)
  A sleepcap (D:8)
  Ijyb (D:5)
  3 orc priests (D:5)
  Jessica (D:3)
  An iguana (D:4)
  5 orc wizards
  7 adders
  6 gnolls
  A white imp (D:5)
  2 ufetubi (D:5)
  A worm (D:2)
  2 dart slugs
  33 orcs
  13 endoplasms
  5 giant cockroaches
  6 goblins
  7 hobgoblins
  3 quokkas
  6 ball pythons
  7 bats
  5 frilled lizards
  8 kobolds
  3 rats
173 creatures vanquished.

Vanquished Creatures (collateral kills)
  A two-headed ogre (D:8)
  A centaur simulacrum (D:9)
  A yak (D:8)
  A wyvern (D:9)
  A meliai simulacrum (D:9)
  An orc warrior (D:9)
  A bullfrog (D:8)
  3 killer bees (D:8)
  An orc wizard (D:6)
  2 gnolls (D:5)
  A worm (D:2)
  4 orcs
  An endoplasm (D:2)
  A kobold (D:8)
20 creatures vanquished.

Vanquished Creatures (others)
  A hornet zombie (D:9)
  A wyvern zombie (D:9)
  A human zombie (D:8)
  2 yak zombies (D:9)
  A centaur zombie (D:9)
  A bullfrog zombie (D:8)
  2 killer bee zombies (D:8)
  A howler monkey zombie (D:7)
  A gnoll (D:5)
  An adder zombie (D:4)
  5 gnoll zombies (D:5)
  An endoplasm zombie (D:2)
  A goblin zombie (D:4)
  2 hobgoblin zombies (D:4)
  3 kobold zombies (D:4)
  10 orc zombies
34 creatures vanquished.

Grand Total: 227 creatures vanquished

Notes
Turn   | Place    | Note
-------+----------+-------------------------------------------
     0 | D:1      | night the Merfolk Shapeshifter began the quest for the Orb.
     0 | D:1      | Reached XP level 1. HP: 15/15 MP: 1/1
   126 | D:1      | Reached XP level 2. HP: 21/21 MP: 2/2
   429 | D:1      | Found a faded altar of an unknown god.
   445 | D:1      | Reached XP level 3. HP: 27/27 MP: 3/3
   504 | D:1      | Reached skill level 4 in Unarmed Combat
   540 | D:1      | Prayed at the altar of an unknown god.
   540 | D:1      | Became a worshipper of Yredelemnul the Dark
   540 | D:1      | Reached * piety under Yredelemnul
  1095 | D:2      | Reached skill level 2 in Fighting
  1334 | D:2      | Reached XP level 4. HP: 27/33 MP: 4/4
  1881 | D:3      | Reached ** piety under Yredelemnul
  2090 | D:3      | Noticed Jessica
  2091 | D:3      | Found a blossoming altar of Fedhas.
  2096 | D:3      | Killed Jessica
  2097 | D:3      | Reached skill level 5 in Unarmed Combat
  2097 | D:3      | Reached XP level 5. HP: 39/39 MP: 5/5
  2104 | D:3      | Noticed an oklob plant
  3137 | D:4      | Reached XP level 6. HP: 24/47 MP: 4/6
  3325 | D:5      | Entered Level 5 of the Dungeon
  3357 | D:5      | Noticed Ijyb
  3363 | D:5      | HP: 2/47 [gnoll bouda/+0 club (9)]
  3376 | D:5      | HP: 8/70 [gnoll/+0 spear[a gnoll bouda] (6)]
  3383 | D:5      | HP: 3/70 [gnoll/+0 heavy halberd (4)]
  3387 | D:5      | HP: 1/70 [gnoll/+0 club (4)]
  3706 | D:5      | Killed Ijyb
  3750 | D:5      | Found Asyan's Distillery.
  3781 | D:5      | Reached skill level 5 in Dodging
  3781 | D:5      | Reached skill level 6 in Unarmed Combat
  3783 | D:5      | Bought a potion of haste for 120 gold pieces
  3783 | D:5      | Bought a potion of curing for 36 gold pieces
  3787 | D:5      | Noticed a black bear
  3799 | D:5      | Killed a black bear
  3800 | D:5      | Reached XP level 7. HP: 46/52 MP: 7/7
  4005 | D:5      | Reached skill level 5 in Shapeshifting
  4149 | D:5      | Noticed Grinder
  4152 | D:5      | Paralysed by Grinder for 5 turns
  4165 | D:5      | Paralysed by Grinder for 2 turns
  4171 | D:5      | Killed Grinder
  4235 | D:5      | Reached skill level 7 in Unarmed Combat
  4235 | D:5      | Reached XP level 8. HP: 50/61 MP: 8/8
  4773 | D:5      | Identified the +7 scale mail of Egalitarianism {-Tele Dex+6
                  | Slay+4}
  4994 | D:5      | Identified the +2 dagger of Hepliaklqana's Envy {flame,
                  | rElec rPois Dex+3}
  5328 | D:6      | Reached skill level 5 in Fighting
  5348 | D:6      | Reached skill level 8 in Unarmed Combat
  5878 | D:7      | Reached skill level 1 in Shields
  5884 | D:7      | Reached skill level 1 in Armour
  5889 | D:7      | Reached XP level 9. HP: 26/68 MP: 9/9
  6035 | D:7      | Found a staircase to the Ecumenical Temple.
  6228 | D:7      | Reached skill level 2 in Shields
  6238 | D:7      | Found an iron altar of Okawaru.
  6588 | D:7      | Reached skill level 9 in Unarmed Combat
  6590 | D:7      | Reached *** piety under Yredelemnul
  6901 | D:8      | Noticed Psyche
  6912 | D:8      | Killed Psyche
  6913 | D:8      | Reached skill level 2 in Armour
  7103 | D:8      | Your ally Psyche died
  7203 | D:8      | Reached XP level 10. HP: 77/77 MP: 10/10
  7268 | D:8      | Noticed a two-headed ogre
  7279 | D:8      | Killed a two-headed ogre
  7280 | D:8      | Reached skill level 10 in Unarmed Combat
  7684 | D:8      | Found Socaez's Armour Shoppe.
  8278 | D:9      | Reached skill level 1 in Invocations
  8591 | D:9      | Found a runed translucent gate.
  8591 | D:9      | Found a runed translucent gate.
  8591 | D:9      | Noticed a spectral centaur warrior
  8592 | D:9      | Found a runed translucent gate.
  8596 | D:9      | Noticed senseless's ghost (journeyman TrSh)
  8609 | D:9      | Reached skill level 11 in Unarmed Combat
  8636 | D:9      | HP: 11/79 [senseless's ghost (19)]
  8638 | D:9      | Mangled by senseless's ghost

Illustrated notes

Levels and vault maps discovered:
D:1:      dpeg_arrival_triangle_fractal, layout_basic, basic_ecumenical_altar,
          nicolae_concentric_dashed_squares_wild, minmay_hedge_maze,
          minmay_misc_feat_nine_boxes, minmay_misc_feat_doors
D:2:      layout_rooms
D:3:      layout_loops_ring, tgw_fedhas, uniq_jessica
D:4:      layout_basic
D:5:      minmay_inner_zag, layout_loops_ring, serial_shops,
          nicolae_shop_statue_plus, uniq_ijyb, uniq_grinder
D:6:      layout_rooms, serial_aquarium, aquarium_bridge_square
          [aquarium_subvault_wall, aquarium_subvault_bridge,
          aquarium_subvault_balcony, aquarium_subvault_wall],
          aquarium_bridge_island_large [aquarium_subvault_large_water,
          aquarium_subvault_wall, aquarium_subvault_bridge,
          aquarium_subvault_window, aquarium_subvault_wall],
          aquarium_window_corridor_1, aquarium_window_1, aquarium_window_double,
          aquarium_window_fake, aquarium_view_2e, aquarium_view_2b,
          aquarium_balcony_3a, aquarium_pool_double
D:7:      layout_basic, kennysheep_okawaru_gauntlet, minmay_temple_entry_glass
D:8:      layout_layer_cave, serial_shops, shop, uniq_psyche
D:9:      layout_cave_pools, gammafunk_ghost_necromancy

Skill      XL: |  1  2  3  4  5  6  7  8  9 10 |
---------------+-------------------------------+-----
Dodging        | 3 4 5 7 8 9 |  9.3
Unarmed Combat | 4 5 6 7 8 9 11 | 11.0
Fighting       | 2 3 4 5 6 7 |  7.5
Shapeshifting  | 5 6 7 8 |  8.5
Shields        | 1 3 |  3.9
Armour         | 1 2 3 |  3.0
Invocations    | 1 |  1.4

Action                     |  1- 3 |  4- 6 |  7- 9 | 10-12 || total
---------------------------+-------+-------+-------+-------++-------
  Melee: Unarmed           |   113 |   163 |   249 |    80 ||   605
         Punch             |     1 |     4 |     5 |       ||    10
         Tailslap          |       |       |     1 |       ||     1
  Throw: Boomerang         |       |     2 |       |       ||     2
         Dart              |       |     1 |       |       ||     1
 Invoke: Recall Undead Har |     1 |     1 |       |     1 ||     3
         Dark Bargain      |       |       |     1 |     2 ||     3
Ability: Begin Untransform |     1 |     2 |     1 |       ||     4
  Evoke: Wand              |       |       |     4 |       ||     4
    Use: Potion            |       |     5 |       |     5 ||    10
         Scroll            |       |     2 |       |     8 ||    10
   Stab: Sleeping          |     2 |       |       |       ||     2
         Distracted        |       |       |     2 |     2 ||     4
 Armour: Animal skin       |    42 |       |       |       ||    42
         Ring mail         |       |    85 |    52 |       ||   137
         Skin              |       |    35 |       |       ||    35
         Scale mail        |       |       |    97 |    57 ||   154
  Dodge: Dodged            |    66 |    66 |   155 |    61 ||   348
  Block: Kite shield       |       |       |    21 |       ||    21
   Form: Beast             |     1 |     2 |     1 |       ||     4
         Flux              |       |       |     2 |       ||     2
         Maw               |       |       |     1 |       ||     1

Table legend: (Time is in decaauts)
 A = Elapsed time spent in this place.
 B = Non-inter-level travel time spent in this place.
 C = Inter-level travel time spent in this place.
 D = Time resting spent in this place.
 E = Time spent auto-exploring this place.
 F = Levels seen in this place.
 G = Mean time per level.
                   A        B        C        D        E       F      G
               +--------+--------+--------+--------+--------+-----+--------+
         Total |   8552 |   8320 |    232 |    656 |   5950 |   9 |  950.2 |
       Dungeon |   8552 |   8320 |    232 |    656 |   5950 |   9 |  950.2 |
               +--------+--------+--------+--------+--------+-----+--------+

Top non-repeatable levels by time:
     D:5: 1550 daAuts
     D:8: 1217 daAuts
     D:4: 1128 daAuts
     D:7: 962 daAuts
     D:3: 918 daAuts
     D:1: 896 daAuts
     D:6: 695 daAuts
     D:2: 632 daAuts
     D:9: 551 daAuts
